 Dungeon Crawl Stone Soup version 0.30-a0-459-g9104f0fc43 (webtiles) character file.

Game seed: 1885275614813495285

1513 ytrimaz the Thaumaturge (level 9, -3/55 HPs)
             Began as a Djinni Fire Elementalist on Dec 15, 2022.
             Slain by an ogre
             ... wielding a +0 giant club
              (13 damage)
             ... on level 6 of the Dungeon on Dec 16, 2022.
             The game lasted 00:08:08 (4960 turns).

ytrimaz the Thaumaturge (Djinni Fire Elementalist)  Turns: 4960, Time: 00:08:09

Health: -3/55      AC:  4    Str:  7    XL:     9   Next: 9%
Gold:   233        EV: 12    Int: 21    God:
                   SH:  0    Dex: 14

rFire   + + .      SeeInvis .    f - +10 dark maul {vorpal}
rCold   x . .      Faith    .    (shield currently unavailable)
rNeg    . . .      Spirit   .    a - +1 robe
rPois   ∞          Reflect  .    (no helmet)
rElec   .          Harm     .    (no cloak)
rCorr   .          Rampage  .    i - +0 pair of gloves
Will    .....                    (boots unavailable)
Stlth   ++........               (no amulet)
HPRegen 0.29/turn                h - +4 ring of slaying
MPRegen 0.00/turn                (no ring)

@: flying
A: sickness immunity, fire resistance 2, cold vulnerability 1, float, innate
caster, HP casting, extra vitality 1
a: no special abilities


You were on level 6 of the Dungeon.
You visited 2 branches of the dungeon, and saw 7 of its levels.

You collected 233 gold pieces.


Innate Abilities, Weirdness & Mutations

You are immune to sickness and miasma.
You are immune to poison.
Your flesh is very heat resistant. (rF++)
You are vulnerable to cold. (rC-)
You float through the air rather than walking.
You learn spells naturally, not from books.
Your magical power is your life essence.
You have superior vitality. (+4 MHP)


   Skills:
 - Level 2.1 Dodging
 - Level 1.5 Stealth
 + Level 8.6 Spellcasting


You had 2 spell levels left.
You knew the following spells:

 Your Spells              Type           Power      Damage    Failure   Level
a - Foxfire               Conj/Fire      100%       2x1d9     1%          1
b - Scorch                Fire           90%        2d9       1%          2
c - Kindle Blastsparks    Fire/Tloc/Air  90%        2d17      1%          3
d - Flame Wave            Conj/Fire      45%        2d12      1%          4
e - Call Canine Familiar  Summ           45%        N/A       1%          3
f - Inner Flame           Hex/Fire       45%        N/A       1%          3
g - Static Discharge      Conj/Air       90%        2-6/arc   1%          2
h - Sting                 Tmut/Pois      100%       1d8       1%          1
i - Petrify               Tmut/Erth      45%        N/A       1%          4
Your spell library was empty.

Inventory:

Hand Weapons
 f - the +10 dark maul (weapon) {vorpal}
   (You found it on level 2 of the Dungeon)

   It inflicts extra damage upon your enemies.
Armour
 a - a +1 robe (worn)
 c - a +2 ring mail of fire resistance
   (You found it on level 4 of the Dungeon)
 i - a +0 pair of gloves (worn)
   (You found it on level 5 of the Dungeon)
Jewellery
 h - a +4 ring of slaying (left hand)
   (You found it on level 2 of the Dungeon)
 q - an amulet of reflection
   (You found it on level 5 of the Dungeon)
Scrolls
 k - 2 scrolls of magic mapping
 l - a scroll of immolation
 n - a scroll of poison
 o - a scroll of enchant weapon
 p - a scroll of identify
Potions
 b - a potion of curing
 d - a potion of degeneration
 e - a potion of mutation {unknown}
 g - a potion of invisibility
 j - 2 potions of resistance {unknown}
 m - a potion of might {unknown}
 r - a potion of berserk rage {unknown}

Dungeon Overview and Level Annotations

Branches:
Dungeon (6/15) Zot: 26928  Temple (1/1) D:4 Zot: 5842

Altars:
Cheibriados
Hepliaklqana
Makhleb
Nemelex Xobeh
Okawaru
Trog
Uskayaw
Xom
The Shining One

Shops:
D:2 = D:5

?( .## . ).#.# .... #..
....# ... .$ ....#
...##.. ....# ..#... ..#
#.#.# .## ##...# # ##
##.O.##.###. #########
#...@.......
........#####.##.##)####
#######...........).#
#######...##### #####


You could see an ogre.


Message History

(Press . to intensify the flame waves.) 😕 HP[-4]
You take 4 damage, and now have 51/55 hp.
A wave of flame ripples out!
A wave of flame ripples out!
You finish channelling waves of flame. 😕 HP[-1]
You take 1 damage, and now have 50/55 hp.
Unknown command.
Found a stone staircase leading up. 😎 HP[+5]
Your hp is fully restored (55).
Key pressed, stopping explore.
An orc wizard comes into view. It is wielding a +0 dagger.
Casting: Flame Wave (dangerous; 2% risk of failure)
Confirm with . or Enter, or press ? or * to list all spells.
You can't see any susceptible monsters within range! (Use Z to cast anyway.) Unknown command.
Unknown command.
An orc wizard is nearby!
Casting: Flame Wave (dangerous; 2% risk of failure)
Confirm with . or Enter, or press ? or * to list all spells.
You can't see any susceptible monsters within range! (Use Z to cast anyway.) Unknown command.
Casting: Flame Wave (dangerous; 2% risk of failure)
Confirm with . or Enter, or press ? or * to list all spells.
Casting: Flame Wave (dangerous; 2% risk of failure)
Press: ? - help, Dir - look around, f - activate A wave of flame ripples out! (Press . to intensify the flame waves.)
The orc wizard shouts!
You hear a shout! x2 😕 HP[-4]
You take 4 damage, and now have 51/55 hp.
A wave of flame ripples out!
The flame wave engulfs the orc wizard.
You hear a shout! x2
An orc comes into view. It is wielding a +0 dagger.
The orc wizard gestures at you while chanting.
You easily resist.
A wave of flame ripples out!
The flame wave engulfs the orc wizard!!
You kill the orc wizard!
The flame wave engulfs the orc!
You kill the orc!
You finish channelling waves of flame.
A jelly comes into view. 😕 HP[-1]
You take 1 damage, and now have 50/55 hp.
A jelly is nearby!
A jelly is nearby!
Unknown command.
Casting: Flame Wave (dangerous; 2% risk of failure)
Confirm with . or Enter, or press ? or * to list all spells.
Casting: Flame Wave (dangerous; 2% risk of failure)
Press: ? - help, Dir - look around, f - activate A wave of flame ripples out! (Press . to intensify the flame waves.)
A wave of flame ripples out!
The flame wave engulfs the jelly!
You kill the jelly!
An orc comes into view. It is wielding a +0 trident. 😕 HP[-4]
You take 4 damage, and now have 46/55 hp.
A wave of flame ripples out!
The flame wave engulfs the orc!
You kill the orc!
You finish channelling waves of flame. 😕 HP[-1]
You take 1 damage, and now have 45/55 hp.
A hound comes into view.
An ogre comes into view.
It is wielding a +0 giant club. 😕 HP[+1]
There are monsters nearby!
Casting: Flame Wave (dangerous; 2% risk of failure)
Confirm with . or Enter, or press ? or * to list all spells.
You can't see any susceptible monsters within range! (Use Z to cast anyway.) Unknown command.
The hound closely misses you.
Casting: Flame Wave (dangerous; 2% risk of failure)
Confirm with . or Enter, or press ? or * to list all spells.
Casting: Flame Wave (dangerous; 2% risk of failure)
Press: ? - help, Dir - look around, f - activate A wave of flame ripples out!
The flame wave engulfs the hound! (Press . to intensify the flame waves.)
The hound bites you. 😕 HP[-4]
You take 4 damage, and now have 42/55 hp.
A wave of flame ripples out!
The flame wave engulfs the ogre!
The flame wave engulfs the hound!!
You kill the hound!
The ogre hits you with a +0 giant club! 😮 HP[-13]
You take 13 damage, and now have 29/55 hp.
MASSIVE DAMAGE!! (PAUSE)
A wave of flame ripples out!
The flame wave engulfs the ogre!
You finish channelling waves of flame. 😮 HP[-1]
You take 1 damage, and now have 28/55 hp.
The ogre hits you with a +0 giant club!!
* * * LOW HITPOINT WARNING * * *
😱 HP[-19]
You take 19 damage, and now have 9/55 hp.
MASSIVE DAMAGE!! (PAUSE)
The ogre hits you with a +0 giant club!
You die...

Skill      XL: |  1  2  3  4  5  6  7  8 |
---------------+-------------------------+-----
Spellcasting   | 3 4 5 6 8 |  8.6
Dodging        | |  2.1
Stealth        | |  1.5

Action                   |  1- 3 |  4- 6 |  7- 9 || total
-------------------------+-------+-------+-------++-------
Melee: Maul              |     4 |    14 |       ||    18
       Unarmed           |     4 |       |       ||     4
 Cast: Foxfire           |   120 |    95 |    75 ||   290
       Scorch            |     3 |     2 |       ||     5
       Flame Wave        |       |     2 |    14 ||    16
       Kindle Blastspark |       |     3 |       ||     3
       Inner Flame       |       |     1 |     1 ||     2
       Call Canine Famil |       |       |     6 ||     6
  Use: Scroll            |     6 |       |     4 ||    10
       Potion            |     1 |     3 |       ||     4
Armor: Robe              |     5 |     7 |     7 ||    19
       Skin              |       |     6 |       ||     6
Dodge: Dodged            |    16 |    21 |    13 ||    50

Levels and vault maps discovered:
D:1:      shiori_arrival_elements, layout_rooms, basic_ecumenical_altar
D:2:      minmay_angry_zag, layout_basic, serial_shops, nicolae_diamond_shop
D:3:      layout_loops_cross
D:4:      layout_loops_ring, temple_green
D:5:      layout_basic, serial_shops, nicolae_shop_hallway_stairs,
          nicolae_stop_n_shop_1, minmay_divided_ellipse
D:6:      layout_rooms
Temple:   hellmonk_temple_flake

Notes
Turn   | Place    | Note
-------+----------+-------------------------------------------
     0 | D:1      | ytrimaz the Djinni Fire Elementalist began the quest for
                  | the Orb.
     0 | D:1      | ytrimaz set off with the following spells memorised:
                  | Foxfire, Scorch, Kindle Blastsparks, Inner Flame, Flame
                  | Wave.
     0 | D:1      | Reached XP level 1. HP: 15/15 MP: 0/0
     0 | D:1      | magus.rc [v1.9.6]
   124 | D:1      | Reached XP level 2. HP: 18/21 MP: 0/0
   134 | D:1      | Reached skill level 3 in Spellcasting
   369 | D:1      | Found a faded altar of an unknown god.
   425 | D:1      | Reached XP level 3. HP: 22/25 MP: 0/0
   425 | D:1      | Learned a level 1 spell: Sting
   847 | D:2      | HP: 5/25 [hobgoblin (4)]
   993 | D:2      | Found the +10 dark maul {vorpal}
  1383 | D:2      | Found Tihuoq's Jewellery Boutique.
  1687 | D:3      | Reached XP level 4. HP: 25/31 MP: 0/0
  1764 | D:3      | Reached skill level 4 in Spellcasting
  1764 | D:3      | Reached XP level 5. HP: 11/35 MP: 0/0
  1764 | D:3      | Learned a level 2 spell: Static Discharge
  2799 | D:4      | Noticed an ogre
  2817 | D:4      | Killed an ogre
  2817 | D:4      | HP: 2/35 [spore (11)]
  2818 | D:4      | Reached skill level 5 in Spellcasting
  2818 | D:4      | Reached XP level 6. HP: 3/40 MP: 0/0
  2862 | D:4      | HP: 9/60 [orc priest/divine providence (11)]
  2994 | D:4      | Found a staircase to the Ecumenical Temple.
  3002 | Temple   | Entered the Ecumenical Temple
  3159 | Temple   | magus.rc [v1.9.6]
  3293 | D:4      | Reached XP level 7. HP: 41/45 MP: 0/0
  3293 | D:4      | Learned a level 3 spell: Call Canine Familiar
  3672 | D:5      | Entered Level 5 of the Dungeon
  3672 | D:5      | Found Xeanies's Magic Scroll Shop.
  3679 | D:5      | Reached skill level 6 in Spellcasting
  3796 | D:5      | Found Onue's Antique Weapon Shoppe.
  4295 | D:5      | Noticed a wraith
  4295 | D:5      | Noticed a shadow
  4309 | D:5      | Reached XP level 8. HP: 40/50 MP: 0/0
  4310 | D:5      | Killed a shadow
  4311 | D:5      | Reached skill level 7 in Spellcasting
  4320 | D:5      | Killed a wraith
  4347 | D:5      | HP: 9/50 [black bear (4)]
  4542 | D:5      | Reached skill level 8 in Spellcasting
  4573 | D:5      | Reached XP level 9. HP: 41/55 MP: 0/0
  4573 | D:5      | Learned a level 4 spell: Petrify
  4959 | D:6      | HP: 9/55 [ogre/+0 giant club (19)]
  4960 | D:6      | Slain by an ogre

Vanquished Creatures
  A shadow (D:5)
  A wraith (D:5)
  3 black bears (D:5)
  An ice beast (D:5)
  An ogre (D:4)
  2 scorpions (D:5)
  A howler monkey (D:5)
  A jelly (D:6)
  An orc priest (D:4)
  3 hounds
  3 iguanas (D:5)
  6 orc wizards
  2 gnolls (D:5)
  9 adders
  3 ufetubi
  2 worms (D:2)
  3 dart slugs
  9 orcs
  5 ball pythons (D:3)
  5 bats
  5 endoplasms
  3 giant cockroaches
  5 hobgoblins
  8 jackals
  5 quokkas
  3 frilled lizards
  5 goblins
  5 kobolds
  4 rats
105 creatures vanquished.

Vanquished Creatures (collateral kills)
  A necrophage (D:5)
  A dart slug (D:5)
2 creatures vanquished.

Vanquished Creatures (others)
  430 foxfires
430 creatures vanquished.

Grand Total: 537 creatures vanquished

Table legend:
 A = Non-vault XP
 B = Vault XP
 C = Vault XP percentage of total XP
 D = Non-vault monster count
 E = Vault monster count
 F = Vault count percentage of total count
                 A         B        C        D         E       F
            +---------+---------+-------+---------+---------+-------
      Total |    1058 |    1104 |  51.1 |      92 |      15 |  14.0
            +---------+---------+-------+---------+---------+-------
        D:1 |      34 |       0 |   0.0 |      20 |       0 |   0.0
        D:2 |      21 |       3 |  12.5 |       9 |       2 |  18.2
        D:3 |     174 |       0 |   0.0 |      23 |       0 |   0.0
        D:4 |     298 |       0 |   0.0 |      21 |       0 |   0.0
        D:5 |     393 |    1101 |  73.7 |      13 |      13 |  50.0
        D:6 |     138 |       0 |   0.0 |       6 |       0 |   0.0
            +---------+---------+-------+---------+---------+-------

Illustrated notes

Table legend:
 A = Kills in this place as a percentage of kills in entire the game.
 B = Kills by you in this place as a percentage of kills by you in the entire game.
 C = Kills by friends in this place as a percentage of kills by friends in the entire game.
 D = Other kills in this place as a percentage of other kills in the entire game.
 E = Experience gained in this place as a percentage of experience gained in the entire game.
 F = Experience gained in this place divided by the number of levels of this place that you have seen.
                   A       B       C       D       E      F
               +-------+-------+-------+-------+-------+----------------------
         Total | 100.0 | 100.0 | 100.0 |   N/A | 100.0 | 308.9
       Dungeon | 100.0 | 100.0 | 100.0 |   N/A | 100.0 | 360.3
               +-------+-------+-------+-------+-------+----------------------

Table legend: (Time is in decaauts)
 A = Elapsed time spent in this place.
 B = Non-inter-level travel time spent in this place.
 C = Inter-level travel time spent in this place.
 D = Time resting spent in this place.
 E = Time spent auto-exploring this place.
 F = Levels seen in this place.
 G = Mean time per level.
                   A        B        C        D        E       F      G
               +--------+--------+--------+--------+--------+-----+--------+
         Total |   4994 |   4883 |    111 |     10 |   4046 |   7 |  713.4 |
       Dungeon |   4836 |   4734 |    102 |     10 |   3911 |   6 |  806.0 |
        Temple |    157 |    148 |      9 |      0 |    135 |   1 |  157.0 |
               +--------+--------+--------+--------+--------+-----+--------+

Top non-repeatable levels by time:
     D:5: 1216 daAuts
     D:2: 1034 daAuts
     D:3: 992 daAuts
     D:4: 977 daAuts
     D:1: 544 daAuts
  Temple: 157 daAuts
     D:6: 70 daAuts
